Map: Port Aleksander LE

Players

TheMarine - Winner!

  • Race: Terran Terran
  • League: Silver
  • Spawn Location: 11:00

UOENO

  • Race: Protoss Protoss
  • League: Silver
  • Spawn Location: 5:00

VOD

Have the link to the VOD?

Description

Time

  • Played on: Feb. 6, 2019, 4:56 p.m.
  • Length: 11:28
Show
View Real Time Build Order
Export as new Build Order

TheMarine Terran - Winner!

Build Orders: Reaper Expand 

Get SALT Encoding   

  12  0:01  SCV  
  13  0:14  SCV  
  13  0:18  Supply Depot  
  14  0:26  SCV  
  15  0:40  SCV  
  15  0:41  Barracks  
  16  0:48  Refinery  
  16  0:52  SCV  
  17  1:04  SCV  
  18  1:17  SCV  
  19  1:29  Orbital Command  
  19  1:31  Reaper  
  19  1:32  Supply Depot  
  20  1:59  Command Center  
  20  2:03  SCV  
  22  2:15  SCV  
  22  2:16  Factory  
  22  2:20  Refinery  
  22  2:25  Barracks Reactor  
  22  2:29  SCV  
  23  2:33  Supply Depot  
  23  2:41  SCV  
  24  2:54  SCV  
  25  3:02  Starport  
  25  3:04  Factory Tech Lab  
  25  3:06  Marine x2  
  25  3:08  SCV  
  27  3:15  Orbital Command  
  27  3:24  Cyclone  
  27  3:25  Marine x2  
  32  3:36  SCV  
  32  3:40  Orbital Command  
  33  3:41  Viking  
  35  3:48  Marine x2  
  35  3:55  SCV  
  38  4:00  Supply Depot  
  38  4:01  Siege Tank  
  41  4:06  Marine x2, SCV  
  44  4:12  SCV  
  44  4:15  Engineering Bay  
  44  4:17  Medivac  
  47  4:23  SCV  
  47  4:24  SCV  
  49  4:26  Marine  
  49  4:27  Marine  
  51  4:40  Siege Tank  
  51  4:41  SCV x2  
  56  4:46  Barracks  
  56  4:47  Refinery  
  56  4:50  Marine x2  
  58  4:58  Terran Infantry Weapons Level 1  
  58  5:00  Barracks  
  58  5:02  SCV x2  
  60  5:08  Supply Depot  
  60  5:09  Starport Reactor  
  60  5:16  SCV  
  60  5:17  SCV  
  62  5:22  Supply Depot  
  62  5:26  Supply Depot  
  62  5:29  Marine x2, Siege Tank  
  62  5:30  SCV  
  62  5:31  SCV  
  69  5:45  Barracks Reactor  
  69  5:48  Barracks Tech Lab  
  69  5:51  Command Center  
  69  5:53  Medivac  
  69  5:55  Marine x2  
  73  5:58  SCV  
  73  5:59  SCV  
  75  6:06  Siege Tank  
  75  6:11  SCV x2  
  80  6:18  Supply Depot  
  80  6:19  Supply Depot  
  80  6:22  Marine x4  
  80  6:23  SCV x2  
  86  6:33  Missile Turret  
  86  6:35  Missile Turret  
  86  6:37  Missile Turret  
  86  6:40  Marine, SCV  
  86  6:43  SCV  
  89  6:48  Marine x4  
  89  6:49  Siege Tank  
  89  6:53  Medivac x2  
  98  7:02  Marauder  
  97  7:09  Stimpack  
  97  7:21  Marine  
  97  7:22  Marine x3  
  98  7:24  Siege Tank  
  98  7:25  Marauder  
  103  7:32  Orbital Command  
  103  7:34  SCV x2  
  105  7:42  Refinery  
  105  7:43  Engineering Bay, Armory  
  105  7:47  Supply Depot x2  
  105  7:48  Marine x4  
  105  7:49  SCV  
  110  7:52  SCV  
  110  7:57  Marauder  
  113  7:59  Medivac, Orbital Command  
  115  8:08  SCV x2  
  115  8:12  Liberator  
  117  8:17  Terran Infantry Armor Level 1  
  117  8:20  Marine x2, SCV x2  
  117  8:21  Marine x2, Marauder  
  117  8:23  Siege Tank  
  128  8:31  Supply Depot  
  128  8:33  Supply Depot  
  128  8:34  Supply Depot  
  131  8:38  Missile Turret  
  131  8:48  Liberator  
  128  9:02  Marine x4  
  126  9:03  Marauder  
  126  9:04  Widow Mine  
  126  9:05  Terran Infantry Weapons Level 2  
  133  9:11  SCV x2  
  133  9:12  SCV  
  136  9:18  Command Center  
  136  9:23  Marine  
  136  9:24  Marine, Combat Shield  
  138  9:26  Marine x3  
  138  9:27  Siege Tank  
  138  9:56  Marine x3  
  138  9:57  Marine x2  
  138  9:58  Medivac  
  145  10:02  Siege Tank  
  145  10:03  SCV  
  145  10:04  SCV  
  145  10:06  Barracks  
  150  10:07  Barracks  
  150  10:08  Barracks  
  150  10:09  SCV  
  151  10:34  Marine x4  
  151  10:35  Marine  
  154  10:36  Siege Tank  
  155  10:52  Marine  
  155  10:56  Marine x4  
  160  10:57  Barracks Reactor x2  
  160  10:59  Marauder  
  160  11:00  SCV x3  
  165  11:08  Supply Depot x2  
Show
View Real Time Build Order
Export as new Build Order

UOENO Protoss 

Build Orders:  

Get SALT Encoding   

  12  0:07  Probe  
  13  0:20  Pylon  
  13  0:32  Probe  
  13  0:33  Assimilator  
  14  0:43  Gateway  
  14  0:45  Probe  
  15  0:54  Probe  
  15  1:02  Probe  
  17  1:11  Probe  
  18  1:23  Probe  
  19  1:35  Probe  
  19  1:36  Cybernetics Core  
  20  1:47  Probe  
  20  1:48  Assimilator  
  20  1:51  Pylon  
  21  2:00  Probe  
  22  2:12  Probe  
  23  2:18  Robotics Facility  
  23  2:23  Gateway  
  23  2:29  Adept  
  24  2:39  Gateway  
  24  2:42  Gateway  
  24  2:45  Pylon  
  24  2:58  Warp Gate  
  23  3:19  Warp Prism  
  25  3:32  Twilight Council  
  25  3:48  Observer  
  25  3:59  Nexus  
  26  4:11  Pylon  
  26  4:29  Pylon  
  24  4:50  Stalker  
  24  4:51  Forge, Stalker x2  
  24  4:52  Stalker  
  32  5:25  Warp Prism  
  34  5:43  Pylon  
  34  5:59  Dark Shrine  
  34  6:11  Protoss Ground Armor Level 1  
  34  6:13  Charge  
  34  6:49  Adept x2  
  34  6:50  Adept x2  
  24  7:26  Probe  
  24  7:34  Probe  
  25  7:43  Probe  
  27  7:44  Probe  
  27  7:50  Zealot  
  27  7:51  Zealot x2  
  32  7:52  Zealot  
  32  7:55  Probe  
  32  7:56  Probe  
  38  8:08  Probe, Warp Prism  
  39  8:17  Zealot  
  39  8:18  Zealot x2  
  39  8:19  Zealot  
  49  8:20  Probe  
  38  9:05  Zealot x3  
  38  9:06  Zealot  
  46  9:25  Robotics Bay  
  46  9:29  Zealot x2  
  46  9:30  Zealot  
  46  9:31  Zealot  
  54  9:39  Gateway  
  54  9:41  Gateway  
  54  9:43  Gateway  
  30  10:11  Zealot x2  
  30  10:12  Zealot x2  
  29  10:32  Zealot  
  29  10:33  Zealot  
  29  10:35  Zealot  
  29  10:37  Zealot  
  29  10:41  Zealot  
  27  11:05  Pylon  
Tags
 
Add a new tag
Caveats
  • Supply blocks, unpowered buildings, or Contaminate may cause inaccurate times.
  • Supply counts are checked every 10 seconds.